 Dungeon Crawl Stone Soup version 0.26.0-16-gc1dbca0489 (webtiles) character file.

Game seed: 427436052047397760

2877 trckry the Grappler (level 9, -4/64 HPs)
             Began as a White Draconian Transmuter on Jan 18, 2021.
             Was a Follower of Ru.
             Killed from afar by Maggie (20 damage)
             ... with a bolt of fire
             ... on level 7 of the Dungeon.
             The game lasted 00:16:48 (8952 turns).

trckry the Grappler (White Draconian Transmuter)    Turns: 8952, Time: 00:16:50

Health: -4/64      AC: 12    Str: 10 (13) XL:     9   Next: 48%
Magic:  12/12      EV: 12    Int: 17 (19) God:    Ru [*.....]
Gold:   158        SH:  5    Dex:  9 (11) Spells: 9/12 levels left

rFire    . . .     SeeInvis +     - Unarmed
rCold    + . .     Faith    .   (no shield)
rNeg     . . .     Spirit   .   (armour unavailable)
rPois    +         Reflect  +   (helmet currently unavailable)
rElec    .         Harm     .   A - scarf {repulsion}
rCorr    .         Rampage  .   c - +0 pair of gloves
Will     .....                  (boots currently unavailable)
Stlth    +.........             x - amulet of reflection
HPRegen  0.20/turn              j - +4 ring of protection
MPRegen  0.13/turn              o - ring "Hoxuahia" {rPois Int+2 SInv}

@: short of breath, appendages, repel missiles
A: breathe frost, unfitting armour, horns 2, talons 2, cold resistance 1,
cold-blooded, hated by all, AC +7
a: Breathe Frost, End Transformation, Renounce Religion


You were on level 7 of the Dungeon.
You worshipped Ru.
Ru was aware of your devotion.
You had grown temporary horns.
You had grown temporary talons.
You visited 2 branches of the dungeon, and saw 8 of its levels.

You collected 268 gold pieces.
You spent 110 gold pieces at shops.

Inventory:

Missiles
 v - 21 poisoned darts (quivered)
Armour
 c - a +0 pair of gloves (worn)
 t - a scarf of harm
 u - a +0 cloak
 A - a scarf of repulsion (worn)
Jewellery
 f - an uncursed ring of ice
 h - a +6 ring of strength
 j - a +4 ring of protection (left hand)
 o - the ring "Hoxuahia" (right hand) {rPois Int+2 SInv}
   (You bought it in a shop on level 4 of the Dungeon)

   [ring of see invisible]

   It affects your intelligence (+2).
   It protects you from poison.
   It lets you see invisible.
 x - an amulet of reflection (around neck)
Wands
 r - a wand of flame (27)
Scrolls
 a - 4 scrolls of enchant weapon {unknown}
 d - 5 scrolls of identify {unknown}
 e - 5 scrolls of remove curse {unknown}
 g - a scroll of magic mapping {unknown}
 i - 6 scrolls of teleportation {unknown}
 m - 2 scrolls of fear {unknown}
 n - a scroll of enchant armour {unknown}
 q - a scroll of blinking {unknown}
 w - a scroll of amnesia {unknown}
 y - 3 scrolls of noise {unknown}
Potions
 b - 4 potions of curing
 k - 4 potions of degeneration
 l - a potion of mutation {unknown}
 p - 2 potions of flight {unknown}
 s - a potion of heal wounds {unknown}
 z - a potion of brilliance {unknown}
 B - a potion of attraction {unknown}
 C - a potion of invisibility {unknown}


   Skills:
 - Level 1.1 Fighting
 - Level 1.7 Dodging
 * Level 9.6 Unarmed Combat
 - Level 2.0 Spellcasting
 * Level 9.3 Transmutations
 + Level 2.6 Evocations


You had 9 spell levels left.
You knew the following spells:

 Your Spells              Type           Power        Failure   Level
a - Beastly Appendage     Tmut           66%          1%          1
b - Wereblood             Tmut           33%          1%          2

Your spell library contained the following spells:

 Spells                   Type           Power        Failure   Level
 Spider Form              Tmut/Pois      8%           9%          3
 Blade Hands              Tmut           16%          12%         5
 Magic Dart               Conj           4%           19%         1
 Blink                    Tloc           N/A          28%         2
 Slow                     Hex            1%           28%         2
 Ice Form                 Ice/Tmut       17%          28%         4
 Conjure Flame            Conj/Fire      1%           50%         3
 Mephitic Cloud           Conj/Pois/Air  1%           50%         3
 Call Imp                 Summ           Unusable     N/A         2

Dungeon Overview and Level Annotations

Branches:
Dungeon (7/15)             Temple (1/1) D:4

Altars:
Ashenzari
Cheibriados
Dithmenos
Elyvilon
Fedhas
Gozag
Hepliaklqana
Kikubaaqudgha
Makhleb
Nemelex Xobeh
Okawaru
Qazlal
Ru
Sif Muna
Trog
Uskayaw
Vehumet
Wu Jian
Xom
Yredelemnul
The Shining One

Shops:
D:4 *

Annotations:
D:3 3 runed translucent doors, kreisler's ghost, amateur KoAM
D:6 2 transporters, hawla's ghost, novice DrCj
D:7 Maggie


Innate Abilities, Weirdness & Mutations

You can breathe waves of freezing cold.
You can buffet flying creatures when you breathe cold.
Your icy white scales are hard. (AC +7)
You cannot fit into any form of body armour.
Your flesh is cold resistant. (rC+)
You are cold-blooded and may be slowed by cold attacks.
You are hated by all.
You have a pair of horns on your head.
You have razor-sharp toenails.


Message History

Press: ? - help, Shift-Dir - straight line, f - Maggie
Aim: Maggie, wielding a +0 long sword and wearing +0 steam dragon scales (severely wounded)
You exhale a wave of freezing cold.
The freezing breath hits Maggie!
Maggie is almost dead.
It was a potion of degeneration.
There was something very wrong with that liquid.
You feel weakened.
You feel dopey.
You feel clumsy.
Maggie gestures wildly while chanting.
Maggie attempts to bespell you! You resist with almost no effort.
It was a potion of curing.
You feel better. Maggie hits you with a +0 long sword.
* * * LOW HITPOINT WARNING * * *
You completely miss Maggie. Your kick misses Maggie.
Maggie is almost dead.
Maggie closely misses you.
You hit Maggie. Your punch misses Maggie.
Maggie is almost dead.
Maggie gestures at you while chanting. The bolt of fire hits you!!
You die...

#)....#........
#.....#......[..#
#...).#.#####'#.#
#.....#.#####'#.#
##....#'##.#....#
#.........#....#
##........#....#
#..........)..#
#........##@..#
#..........@.......
#.......###....(.^.
###...### ......#..
##... ..###.# . #..
#.## .# # .. # #.


You could see Maggie.

Vanquished Creatures
  Grinder (D:4)
  Eustachio (D:4)
  Menkaure (D:5)
  Edmund (D:5)
  2 ice beasts
  3 sky beasts
  3 centaurs
  A big kobold (D:7)
  2 bullfrogs
  3 scorpions
  4 howler monkeys (D:7)
  A quasit (D:7)
  2 bullfrog zombies (D:6)
  2 hounds
  Crazy Yiuf (D:3)
  2 centaur skeletons
  2 orc wizards
  Natasha (thrice) (D:4)
  2 iguanas
  7 worker ants
  A hound zombie (D:6)
  A hound skeleton (D:4)
  A worker ant zombie (D:5)
  Robin (D:3)
  13 adders
  11 gnolls
  3 shadow imps
  2 white imps
  2 ufetubi
  An adder skeleton (D:7)
  5 worms
  A dart slug (D:2)
  3 leopard geckos
  19 orcs
  10 bats
  A giant cockroach (D:3)
  12 goblins
  15 hobgoblins
  11 jackals
  10 kobolds
  2 quokkas
  5 frilled lizards
  2 leopard gecko skeletons
  4 rats
180 creatures vanquished.

Vanquished Creatures (others)
  5 dream sheep (D:7)
  A fungus (D:3)
6 creatures vanquished.

Grand Total: 186 creatures vanquished

Notes
Turn   | Place    | Note
-------+----------+-------------------------------------------
     0 | D:1      | trckry the Draconian Transmuter began the quest for the
                  | Orb.
     0 | D:1      | Reached XP level 1. HP: 16/16 MP: 3/3
   111 | D:1      | Reached XP level 2. HP: 7/23 MP: 3/5
   846 | D:1      | Reached XP level 3. HP: 24/28 MP: 4/6
  1025 | D:1      | Learned a level 2 spell: Wereblood
  1526 | D:2      | HP: 2/28 [gnoll (5)]
  1592 | D:1      | Reached XP level 4. HP: 9/35 MP: 5/7
  2785 | D:3      | Reached XP level 5. HP: 23/40 MP: 4/8
  3087 | D:3      | Noticed an ice beast
  3121 | D:3      | Reached skill level 5 in Unarmed Combat
  3182 | D:3      | Found a runed translucent gate.
  3182 | D:3      | Found a runed translucent gate.
  3184 | D:3      | Found a runed translucent gate.
  3187 | D:3      | Noticed kreisler's ghost (amateur KoAM)
  3344 | D:3      | Noticed a sky beast
  3351 | D:3      | Killed a sky beast
  3352 | D:3      | Reached skill level 5 in Transmutations
  3352 | D:3      | Reached XP level 6. HP: 47/47 MP: 7/9
  3656 | D:3      | Noticed Robin
  3682 | D:3      | Killed Robin
  4086 | D:3      | Found a runed translucent door.
  4087 | D:3      | Noticed Crazy Yiuf
  4150 | D:4      | Noticed Grinder
  4239 | D:5      | Entered Level 5 of the Dungeon
  4241 | D:5      | Noticed an ice beast
  4389 | D:4      | Found Maimp's Assorted Antiques.
  4401 | D:4      | Bought a scorched tin ring for 110 gold pieces
  4713 | D:4      | Your scales start taking on an icy white colour.
  4713 | D:4      | Reached XP level 7. HP: 49/52 MP: 8/10
  4713 | D:4      | Gained mutation: Your flesh is cold resistant. (rC+) [White
                  | Draconian growth]
  4735 | D:4      | Noticed Eustachio
  4760 | D:4      | Killed Eustachio
  5113 | D:4      | Noticed Natasha
  5120 | D:4      | Killed Natasha
  5179 | D:4      | Noticed Natasha
  5188 | D:4      | Killed Natasha
  5394 | D:4      | Found a staircase to the Ecumenical Temple.
  5508 | D:4      | Noticed Natasha
  5513 | D:4      | Killed Grinder
  5514 | D:4      | Reached XP level 8. HP: 40/59 MP: 11/11
  5515 | D:4      | Killed Natasha
  6066 | D:3      | Killed Crazy Yiuf
  6311 | Temple   | Entered the Ecumenical Temple
  6590 | Temple   | Became a worshipper of Ru the Awakened
  6722 | D:5      | Noticed Menkaure
  6736 | D:5      | Killed Menkaure
  7244 | D:5      | Noticed Edmund
  7251 | D:5      | Killed Edmund
  7676 | D:6      | Reached skill level 1 in Evocations
  7676 | D:6      | Reached XP level 9. HP: 54/64 MP: 10/12
  8124 | D:6      | Found a transporter.
  8125 | D:6      | Noticed hawla's ghost (novice DrCj)
  8127 | D:6      | Found a transporter.
  8127 | D:6      | Identified the +5 great mace "Spiderbane" {vorpal, rPois
                  | rC+ rN+ Str+3}
  8127 | D:6      | Noticed a two-headed ogre
  8161 | D:6      | Identified the ring "Hoxuahia" {rPois Int+2 SInv} (You
                  | bought it in a shop on level 4 of the Dungeon)
  8200 | D:7      | Gained mutation: You are hated by all. [Ru sacrifice]
  8200 | D:7      | Reached * piety under Ru
  8236 | D:7      | Found a shimmering altar of Xom.
  8930 | D:7      | Noticed Maggie
  8952 | D:7      | Killed from afar by Maggie

Illustrated notes

Levels and vault maps discovered:
D:1:      lordsloth_arrival_two_stooges, layout_basic
D:2:      layout_rooms
D:3:      minmay_skewed_foursquare, layout_loops_ring,
          ebering_ghost_rock_garden, kennysheep_generic_room_14, uniq_robin,
          uniq_crazy_yiuf_cottage
D:4:      layout_basic, minmay_temple_entry_wispy, serial_shops, shop,
          uniq_eustachio, uniq_grinder, uniq_natasha
D:5:      layout_cave_pools, uniq_edmund, uniq_menkaure
D:6:      layout_basic, gammafunk_ghost_smash
D:7:      layout_basic, kb_xom_exploding_sheep, uniq_maggie
Temple:   regret_index_temple_sigil_plot

Skill      XL: |  1  2  3  4  5  6  7  8  9 |
---------------+----------------------------+-----
Transmutations | 3 5 6 8 9 |  9.3
Unarmed Combat | 4 5 6 7 8 9 |  9.6
Evocations     | 1 2 |  2.6
Fighting       | |  1.1
Dodging        | |  1.7
Spellcasting   | |  2.0

Action                   |  1- 3 |  4- 6 |  7- 9 || total
-------------------------+-------+-------+-------++-------
Melee: Unarmed           |   109 |   166 |   334 ||   609
       Kick              |    14 |    33 |    55 ||   102
       Headbutt          |     4 |    14 |    27 ||    45
       Tailslap          |     6 |    11 |    42 ||    59
       Punch             |       |     2 |    10 ||    12
Throw: Dart              |       |       |     1 ||     1
 Cast: Beastly Appendage |    13 |    22 |    20 ||    55
       Wereblood         |     1 |     2 |     5 ||     8
Invok: Sacrifice Love    |       |       |     1 ||     1
 Abil: Breathe Frost     |       |       |     5 ||     5
Evoke: Wand              |       |       |     3 ||     3
  Use: Potion            |       |       |     2 ||     2
 Stab: Distracted        |       |       |     1 ||     1
       Sleeping          |       |       |     1 ||     1
Armor: Skin              |    38 |    52 |   137 ||   227
Dodge: Dodged            |    81 |    99 |   182 ||   362
       Repelled          |       |       |     1 ||     1
Block: Other             |       |       |    17 ||    17
       Reflection        |       |       |     1 ||     1
